AoeStats
← Lebende Leiche

Arena

510149634Analyzed
3v3 RM · 2d ago on Sep 29, 2026· 40m 26s· 6 players
Game mode
Random Map
Map size
Normal (6 player)
Population
200
Speed
Normal
Resources
Standard
Victory
Conquest
Starting age
Dark Age
Ending age
Imperial Age
RankedLock teamsTeams togetherTeam positionsShared explorationLock speedFull tech treeHidden civsTurbo modeCheats
Victory
Defeat
🇮🇳 Magyars · India
1178
+18
🇮🇳 Cumans · India
1175
+18
1155
+19
🇩🇪 Byzantines · Germany
1253
-20
🇩🇪 Bohemians · Germany
1252
-19
🇩🇪 Portuguese · Germany
1164
-16
El Commandante
10:55 Feudal Age
12:52 Loom
16:11 Castle Age
14:53 Double-Bit Axe
14:54 Horse Collar
16:42 Scale Mail Armor
19:33 Chain Mail Armor
19:35 Bow Saw
22:58 Wheelbarrow
23:03 Pikeman
29:46 Imperial Age
27:46 Hand Cart
28:59 Chemistry
28:28 Squires
28:41 Forging
29:01 Padded Archer Armor
29:16 Masonry
29:28 Ballistics
29:52 Halberdier
31:58 Plate Mail Armor
32:03 Fletching
32:19 Caravan
32:17 Elite Hussite Wagon
33:16 Fervor
33:31 Sanctity
33:13 Bodkin Arrow
33:33 Leather Archer Armor
32:42 Elite Skirmisher
34:10 Bracer
34:26 Leather Archer Armor
35:55 Conscription
37:25 Ring Archer Armor
37:30 Iron Casting
37:40 Heavy Plow
runawayking
10:41 Feudal Age
12:21 Wheelbarrow
11:33 Loom
12:04 Double-Bit Axe
15:38 Horse Collar
22:27 Castle Age
20:49 Arson
21:17 Forging
21:08 Scale Mail Armor
24:02 Hand Cart
23:44 Pikeman
25:13 Iron Casting
24:54 Chain Mail Armor
30:30 Caravan
31:11 Bow Saw
34:45 Imperial Age
33:40 Masonry
34:49 Halberdier
35:56 Arquebus
38:13 Chemistry
38:30 Gambesons
38:06 Man-at-Arms
Lebende Leiche
11:23 Feudal Age
15:23 Castle Age
13:25 Horse Collar
13:53 Double-Bit Axe
15:52 Loom
16:43 Wheelbarrow
16:33 Bow Saw
17:58 Heavy Plow
18:33 Stone Mining
23:16 Hand Cart
26:21 Fletching
30:18 Imperial Age
27:53 Arson
28:21 Forging
28:57 Bodkin Arrow
29:08 Scale Barding Armor
28:56 Elite Skirmisher
30:00 Thumb Ring
30:01 Squires
30:36 Scale Mail Armor
30:24 Gambesons
32:28 Two-Man Saw
32:59 Chemistry
31:42 Treadmill Crane
32:29 Conscription
32:38 Chain Mail Armor
35:48 Hoardings
36:48 Stone Shaft Mining
36:21 Bracer
36:59 Pikeman
38:32 Plate Mail Armor
38:22 Halberdier
Lurker
10:31 Feudal Age
12:00 Loom
14:26 Castle Age
12:55 Double-Bit Axe
13:46 Horse Collar
22:07 Bow Saw
22:01 Heavy Plow
23:52 Fletching
24:02 Padded Archer Armor
26:22 Bloodlines
27:46 Gold Mining
28:59 Husbandry
29:24 Ballistics
32:27 Imperial Age
30:46 Gold Shaft Mining
31:12 Wheelbarrow
30:23 Town Watch
31:35 Bodkin Arrow
31:40 Padded Archer Armor
32:36 Hand Cart
32:21 Town Patrol
32:34 Heavy Cavalry Archer
33:46 Parthian Tactics
33:24 Recurve Bow
33:48 Conscription
34:34 Chemistry
34:09 Bracer
34:45 Stone Mining
35:56 Hoardings
39:22 Two-Man Saw
38:54 Crop Rotation
Aaaaaaah Do
6:29 Loom
8:52 Feudal Age
10:08 Double-Bit Axe
11:34 Horse Collar
20:34 Castle Age
21:08 Wheelbarrow
22:05 Hand Cart
22:09 Bow Saw
22:01 Heavy Plow
23:21 Bloodlines
28:58 Imperial Age
27:58 Scale Barding Armor
28:04 Forging
28:06 Gold Mining
28:16 Stone Mining
29:36 Chain Barding Armor
30:30 Gold Shaft Mining
30:37 Steppe Husbandry
30:59 Conscription
31:37 Elite Steppe Lancer
33:15 Plate Barding Armor
32:48 Town Watch
33:51 Iron Casting
37:58 Blast Furnace
Slow Walking Champi Warrior
10:25 Feudal Age
15:32 Castle Age
14:51 Double-Bit Axe
14:49 Horse Collar
18:27 Bow Saw
22:49 Wheelbarrow
23:15 Stone Mining
24:26 Heavy Plow
25:43 Gold Mining
25:59 Treadmill Crane
26:57 Hand Cart
27:43 Town Watch
27:49 Loom
28:08 Murder Holes
28:35 Ballistics
30:50 Imperial Age
28:43 Scale Mail Armor
28:53 Forging
30:26 Masonry
30:59 Gold Shaft Mining
30:46 Chain Mail Armor
32:03 Plate Mail Armor
30:57 Shield Wall
31:58 Conscription
31:43 Elite Varangian Guard
32:24 Squires
33:50 Two-Man Saw
32:39 Capped Ram
33:38 Siege Ram
34:08 Gambesons
35:11 Iron Casting
36:02 Guilds
38:34 Arson
39:48 Siege Engineers
Connection lost

Rejoining the realm…

Still unreachable

The connection could not be restored.

Session expired

The server has moved on; the page needs a fresh start.